 Dungeon Crawl Stone Soup version 0.31.0-11-ge490571c62 (webtiles) character file.

Game seed: 17524334051400407295

1369 Arctor the Firebug (level 8, -1/41 HPs)
             Began as a Deep Elf Fire Elementalist on Feb 5, 2024.
             Was a Follower of Sif Muna.
             Slain by a two-headed ogre
             ... wielding a +0 dire flail
              (14 damage)
             ... on level 6 of the Dungeon.
             The game lasted 00:08:04 (4437 turns).

Arctor the Firebug (Deep Elf Fire Elementalist)     Turns: 4437, Time: 00:08:04

Health: -1/41      AC:  3    Str:  5    XL:     8   Next: 38%
Magic:  14/19      EV: 14    Int: 23    God:    Sif Muna [*.....]
Gold:   249        SH:  0    Dex: 15    Spells: 16/19 levels left

rFire   . . .        d - +2 short sword (venom)
rCold   . . .        (no shield)
rNeg    . . .        a - +0 robe
rPois   .            (no helmet)
rElec   .            p - +0 cloak
rCorr   .            (no gloves)
SInv    .            (no boots)
Will    +....        i - amulet of magic regeneration
Stlth   +++          l - ring of willpower
HPRegen 0.26/turn    (no ring)
MPRegen 0.56/turn

%: no passive effects
@: no status effects
A: no striking features
a: Renounce Religion, Channel Magic


You were on level 6 of the Dungeon.
You worshipped Sif Muna.
Sif Muna was aware of your devotion.
You visited 1 branch of the dungeon, and saw 6 of its levels.

You collected 249 gold pieces.

Inventory:

Hand Weapons
 d - a +2 short sword of venom (weapon)
Armour
 a - a +0 robe (worn)
 p - a +0 cloak (worn)
Jewellery
 f - an amulet of guardian spirit
 i - an amulet of magic regeneration (around neck)
 l - a ring of willpower (left hand)
Wands
 h - a wand of flame (25)
 m - a wand of paralysis (2)
Scrolls
 c - 2 scrolls of teleportation
 g - a scroll of fear
 j - a scroll of revelation {unknown}
 q - a scroll of identify
Potions
 b - a potion of magic
 e - 3 potions of resistance
 k - a potion of degeneration
 n - a potion of enlightenment
 o - a potion of heal wounds {unknown}


   Skills:
 + Level 5.9 Dodging
 + Level 6.2 Stealth
 + Level 6.3 Spellcasting
 + Level 4.7 Conjurations
 * Level 6.6 Fire Magic


You had 16 spell levels left.
You knew the following spells:

 Your Spells              Type           Power      Damage    Failure   Level
a - Foxfire               Conj/Fire      100%       2x1d9     1%          1
b - Scorch                Fire           76%        2d8       1%          2

Your spell library contained the following spells:

 Spells                   Type           Power      Damage    Failure   Level
 Shock                    Conj/Air       72%        1d7       3%          1
 Inner Flame              Hex/Fire       22%        N/A       6%          3
 Volatile Blastmotes      Fire/Tloc      44%        2d13      6%          3
 Flame Wave               Conj/Fire      33%        2d10      8%          4
 Stone Arrow              Conj/Erth      36%        3d9       10%         3
 Call Imp                 Summ           14%        N/A       12%         2
 Sublimation of Blood     Necr           7%         N/A       12%         2
 Gell's Gravitas          Tloc           7%         N/A       24%         3
 Swiftness                Air            7%         N/A       24%         3
 Teleport Other           Tloc           7%         N/A       24%         3
 Airstrike                Air            3%         2d(1-17)  63%         4
 Animate Armour           Summ/Erth      14%        N/A       63%         4
 Dispersal                Tloc           3%         N/A       100%        6
 Summon Hydra             Summ           3%         N/A       100%        7
 Lehudib's Crystal Spear  Conj/Erth      9%         10d4      100%        8


Dungeon Overview and Level Annotations

Branches:
Dungeon (6/15)             Temple (0/1) D:6

Altars:
Dithmenos
Ru
Sif Muna

Shops:
D:1 [(:[[   D:2 [(

Annotations:
D:6 Eustachio


Message History

Your foxfire dissipates!
Your foxfire dissipates! x2
Your foxfire dissipates!
Magic restored.
Things that are here:
a +0 dagger; a +0 battleaxe; a +0 chain mail
Things that are here:
a +0 dagger; a +0 robe; an orc corpse
Things that are here:
a +0 dagger; a +0 robe; an orc corpse
Things that are here:
a +0 dagger; a +0 battleaxe; a +0 chain mail A two-headed ogre comes into view.
It is wielding two +0 dire flails.
A two-headed ogre is nearby!
You conjure some foxfire!
You conjure some foxfire!
The foxfire hits the two-headed ogre.
The two-headed ogre is lightly wounded.
The two-headed ogre shouts in stereo!
Casting: Foxfire (safe; 1% risk of failure)
Confirm with . or Enter, or press ? or * to list all spells.
Flames lash the two-headed ogre.
The two-headed ogre is lightly wounded.
The two-headed ogre's fire resistance burns away.
The foxfire hits the two-headed ogre!
The two-headed ogre is burned terribly!
The two-headed ogre is moderately wounded.
The foxfire hits the two-headed ogre but does no damage.
The two-headed ogre is moderately wounded.
Casting: Scorch (safe; 1% risk of failure)
Confirm with . or Enter, or press ? or * to list all spells.
Flames lash the two-headed ogre.
The two-headed ogre is burned terribly!
The two-headed ogre is severely wounded.
You hear a loud, deep croak!
The two-headed ogre closely misses you.
The two-headed ogre hits you with a +0 dire flail!
Casting: Scorch (safe; 1% risk of failure)
Confirm with . or Enter, or press ? or * to list all spells.
Flames lash the two-headed ogre.
The two-headed ogre is burned terribly!
The two-headed ogre is almost dead.
The two-headed ogre hits you with a +0 dire flail! x2
You die...

......
#..........
......
##.########
......
#.#######
......
#.......#
######
#######.#
#.# #.# #.#
#@#
......O...#
#####.#####
#. #


You could see a two-headed ogre (combustible).

Vanquished Creatures
  Pargi (D:4)
  An orc warrior (D:6)
  An ogre (D:6)
  A phantom (D:5)
  A bullfrog (D:6)
  A scorpion (D:5)
  6 jellies
  4 hounds
  2 orc priests
  3 iguanas
  2 sleepcaps (D:5)
  5 orc wizards
  Natasha (thrice) (D:2)
  2 adders
  6 gnolls
  4 ribbon worms
  13 dart slugs
  20 orcs
  3 endoplasms
  2 giant cockroaches
  10 goblins
  2 hobgoblins
  7 jackals
  5 kobolds
  6 quokkas
  5 ball pythons
  5 bats
  2 frilled lizards
  5 rats
128 creatures vanquished.

Vanquished Creatures (others)
  812 foxfires
812 creatures vanquished.

Grand Total: 940 creatures vanquished

Notes
Turn   | Place    | Note
-------+----------+-------------------------------------------
     0 | D:1      | Arctor the Deep Elf Fire Elementalist began the quest for
                  | the Orb.
     0 | D:1      | Reached XP level 1. HP: 10/10 MP: 6/6
   184 | D:1      | Found a transporter.
   208 | D:1      | Found Ifaoc's Antique Weapon Shop.
   240 | D:1      | Found Xysid's Book Boutique.
   296 | D:1      | Found Byixt's Antique Armour Shop.
   322 | D:1      | Found a transporter.
   468 | D:1      | Reached XP level 2. HP: 15/15 MP: 2/8
   471 | D:1      | Learned a level 2 spell: Scorch
   818 | D:1      | Found Pikhlej's Armour Emporium.
  1008 | D:1      | Found Joagon's Antique Armour Shoppe.
  1041 | D:1      | Reached XP level 3. HP: 19/19 MP: 5/9
  1942 | D:2      | Noticed Natasha
  1946 | D:2      | Killed Natasha
  1947 | D:2      | Reached XP level 4. HP: 24/24 MP: 6/11
  1947 | D:2      | Noticed Natasha
  1949 | D:2      | Killed Natasha
  2192 | D:2      | Found Ilaromp's Antique Weapon Shoppe.
  2314 | D:2      | Noticed Natasha
  2320 | D:2      | Killed Natasha
  2390 | D:2      | Found Dida's Antique Armour Shoppe.
  2577 | D:3      | Reached XP level 5. HP: 26/28 MP: 9/13
  2718 | D:3      | You fall into a shaft and drop 1 floor!
  2724 | D:4      | Noticed Pargi
  2734 | D:4      | Killed Pargi
  2737 | D:4      | Reached XP level 6. HP: 32/32 MP: 9/14
  2897 | D:4      | Reached skill level 5 in Spellcasting
  3036 | D:4      | Reached XP level 7. HP: 36/36 MP: 9/16
  3190 | D:4      | Reached skill level 5 in Stealth
  3201 | D:4      | Found a shadowy altar of Dithmenos.
  3220 | D:4      | Found a shimmering blue altar of Sif Muna.
  3221 | D:4      | Found a sacrificial altar of Ru.
  3240 | D:4      | Became a worshipper of Sif Muna the Loreminder
  3351 | D:5      | Entered Level 5 of the Dungeon
  3363 | D:5      | Reached skill level 5 in Fire Magic
  3440 | D:5      | Reached skill level 5 in Dodging
  4075 | D:6      | Found a staircase to the Ecumenical Temple.
  4164 | D:6      | Reached XP level 8. HP: 41/41 MP: 15/18
  4248 | D:6      | Noticed Eustachio
  4354 | D:6      | Reached * piety under Sif Muna
  4431 | D:6      | Noticed a two-headed ogre
  4437 | D:6      | Slain by a two-headed ogre

Illustrated notes

Levels and vault maps discovered:
D:1:      dpeg_arrival_long_road, layout_rooms, serial_shops,
          nicolae_shop_tiny_glass, nicolae_shop_drivethru, shop, shop,
          nicolae_shop_advertising_works [nicolae_subvault_shop_adworks]
D:2:      layout_basic, serial_shops, shop, shop, kennysheep_generic_room_13,
          uniq_natasha
D:3:      kennysheep_slugbush, layout_basic, chequers_ecumenical_altar_twisty,
          uniq_sigmund, uniq_terence
D:4:      layout_rooms, chequers_temple_overflow_statue_of_worship, uniq_pargi
D:5:      layout_rooms
D:6:      layout_basic, minmay_temple_entry_statues, eino_tiny_chamber,
          nicolae_zig_zag_zippers, uniq_eustachio, uniq_crazy_yiuf_cottage

Skill      XL: |  1  2  3  4  5  6  7  8 |
---------------+-------------------------+-----
Stealth        | 3 4 5 6 |  6.2
Dodging        | 3 4 5 |  5.9
Conjurations   | 2 3 4 |  4.7
Spellcasting   | 4 5 6 |  6.3
Fire Magic     | 4 6 |  6.6

Action                     |  1- 3 |  4- 6 |  7- 9 || total
---------------------------+-------+-------+-------++-------
   Cast: Foxfire           |   125 |   212 |   171 ||   508
         Scorch            |       |     3 |    29 ||    32
    Use: Scroll            |       |       |     5 ||     5
         Potion            |       |       |     2 ||     2
 Armour: Robe              |     9 |     5 |    31 ||    45
  Dodge: Dodged            |     9 |     4 |    27 ||    40
